 Dungeon Crawl Stone Soup version 0.26.0-10-g1f06aea511 (webtiles) character file.

Game seed: 12549648148968976368

13736 vvl the Cleaver (level 11, -2/104 HPs)
             Began as a Deep Dwarf Fighter on Jan 13, 2021.
             Was an Elder of the Shining One.
             Slain by a cyclops (8 damage)
             ... on level 12 of the Dungeon.
             The game lasted 00:45:51 (9431 turns).

vvl the Cleaver (Deep Dwarf Fighter)                Turns: 9431, Time: 00:45:52

Health: -2/104     AC: 18    Str: 31    XL:     11   Next: 79%
Magic:  3/3        EV:  7    Int:  8    God:    the Shining One [****..]
Gold:   757        SH: 13    Dex: 18    Spells: 10/10 levels left

rFire    . . .     SeeInvis .   d - +2 rapier of Courage {venom, Fragile rElec Str+7 Stlth+}
rCold    . . .     Faith    .   c - +0 kite shield
rNeg     + + .     Spirit   .   A - +0 plate armour
rPois    +         Reflect  .   n - +0 helmet
rElec    +         Harm     .   p - scarf {+Inv}
rCorr    .         Rampage  .   m - +0 pair of gloves
Will     +....                  I - +0 pair of boots
Stlth    ..........             (no amulet)
HPRegen  0.00/turn              f - +6 ring of dexterity
MPRegen  0.08/turn              y - ring of poison resistance

@: non-regenerating, glowing
A: damage resistance, heal wounds, sense surroundings 2, no regeneration
a: Heal Wounds, Renounce Religion, Evoke Invisibility, Divine Shield, Cleansing
Flame


You were on level 12 of the Dungeon.
You worshipped the Shining One.
The Shining One was greatly pleased with you.
You visited 2 branches of the dungeon, and saw 13 of its levels.

You collected 932 gold pieces.
You spent 175 gold pieces at shops.

Inventory:

Hand Weapons
 a - a +0 war axe
 d - the +2 rapier of Courage (weapon) {venom, Fragile rElec Str+7 Stlth+}
   (You found it on level 9 of the Dungeon)

   It poisons the flesh of those it strikes.
   It affects your strength (+7).
   It insulates you from electricity.
   It will be destroyed if unequipped.
   It makes you more stealthy.
 h - a +0 hand axe of venom
 l - a +0 antimagic hand axe
Armour
 c - a +0 kite shield (worn)
 m - a +0 pair of gloves (worn)
 n - a +0 helmet (worn)
 p - a scarf of invisibility (worn)
 A - a +0 plate armour (worn)
 I - a +0 pair of boots (worn)
 K - +0 acid dragon scales
Jewellery
 f - a +6 ring of dexterity (left hand)
 y - a ring of poison resistance (right hand)
Wands
 k - a wand of polymorph (12)
 D - a wand of digging (2)
Scrolls
 b - a scroll of enchant armour
 g - 3 scrolls of amnesia
 j - 3 scrolls of enchant weapon
 r - 3 scrolls of fog
 s - 6 scrolls of random uselessness
 t - 2 scrolls of immolation
 x - 8 scrolls of teleportation
 z - a scroll of blinking
 C - 5 scrolls of remove curse
 E - 2 scrolls of magic mapping
 G - a scroll of brand weapon
 H - 5 scrolls of identify
 L - 3 scrolls of fear {unknown}
Potions
 e - 8 potions of heal wounds
 i - a potion of flight
 o - 2 potions of mutation
 q - 4 potions of lignification
 u - 3 potions of curing
 v - a potion of invisibility {unknown}
 w - 2 potions of brilliance
 B - 8 potions of haste
 F - a potion of might
 J - a potion of resistance {unknown}


   Skills:
 + Level 8.4 Fighting
 * Level 13.1 Axes
 + Level 10.0 Armour
 + Level 10.0 Shields


You had 10 spell levels left.
You didn't know any spells.
Your spell library contained the following spells:

 Spells                   Type           Power        Failure   Level
 Corona                   Hex            0%           99%         1
 Ensorcelled Hibernation  Hex/Ice        0%           100%        2
 Poisonous Vapours        Pois/Air       0%           100%        2
 Slow                     Hex            0%           100%        2
 Confusing Touch          Hex            0%           100%        3
 Conjure Flame            Conj/Fire      0%           100%        3
 Dazzling Flash           Conj/Hex       0%           100%        3
 Gell's Gravitas          Tloc           0%           100%        3
 Inner Flame              Hex/Fire       0%           100%        3
 Mephitic Cloud           Conj/Pois/Air  0%           100%        3
 Portal Projectile        Hex/Tloc       0%           100%        3
 Tukima's Dance           Hex            0%           100%        3
 Cause Fear               Hex            0%           100%        4
 Leda's Liquefaction      Hex/Erth       0%           100%        4
 Petrify                  Tmut/Erth      0%           100%        4
 Metabolic Englaciation   Hex/Ice        0%           100%        5
 Yara's Violent Unravell  Hex/Tmut       0%           100%        5
 Freezing Cloud           Conj/Ice/Air   0%           100%        6
 Dragon's Call            Summ           0%           100%        9


Dungeon Overview and Level Annotations

Branches:
Dungeon (12/15)            Temple (1/1) D:6            Lair (0/6) D:11
    Orc (0/2) D:11

Altars:
Ashenzari
Cheibriados
Elyvilon
Fedhas
Gozag
Hepliaklqana
Makhleb
Nemelex Xobeh
Okawaru
Qazlal
Ru
Sif Muna
Trog
Uskayaw
Vehumet
Wu Jian
Xom
Yredelemnul
Zin
The Shining One

Shops:
D:4 ?   D:8 *

Annotations:
D:5 1 runed translucent door, Crazy Yiuf


Innate Abilities, Weirdness & Mutations

You are resistant to damage.
You can heal yourself by infusing magical energy.
You passively map the area around you.
You do not regenerate.


Message History

You see here a large rock.
Unknown command.
You hit the cyclops.
The cyclops is poisoned.
The cyclops is lightly wounded.
The cyclops hits you!!
* * * LOW HITPOINT WARNING * * *
You hit the cyclops but do no damage.
The cyclops looks as sick as possible!
The cyclops is lightly wounded.
The cyclops hits you but does no damage.
You hit the cyclops.
The cyclops is moderately wounded.
The cyclops hits you but does no damage.
You hit the cyclops but do no damage.
The cyclops is moderately wounded.
You block the cyclops's attack.
You puncture the cyclops!
The cyclops is heavily wounded.
You are no longer corroded.
The cyclops hits you!
You die...

...#........# , #.######.....'.
...#........#, .#...........†##
...#........#, .#...#####......
...#........# , .#...#.!.#......
...#........# .#...#...#......
...#'###....# , .#...#...#......
.......#....# *.#...'...#......
.......#....##+##C#...#...#......
.......#....(.((@.#...#...#.###'#
.......#..........#...#...#>+....
.......###+########...#####†#....
.........###.##.............#....
.........#....##............#..##
.........#.....))..#........#..#.
........ #.....#...#........#..#.
........ #.....#...#........#..#.
........,##...##...#........#..##


You could see a cyclops (very poisoned).

Vanquished Creatures
  Erolcha (D:10)
  A centaur warrior (D:9)
  A two-headed ogre (D:10)
  Sonja (D:11)
  An unseen horror (D:10)
  A cyclops (D:11)
  A gargoyle (D:12)
  Psyche (D:11)
  2 centaur skeletons
  A troll (D:11)
  A centaur simulacrum (D:12)
  A vampire (D:9)
  Sigmund (D:3)
  A shadow (D:12)
  A water elemental (D:12)
  A wyvern (D:11)
  7 yaks
  A basilisk (D:11)
  3 vampire mosquitoes (D:11)
  2 acid dragons (D:12)
  A soldier ant (D:11)
  3 water moccasins
  3 black bears (D:11)
  3 ice beasts
  6 orc warriors
  2 phantoms
  6 sky beasts
  4 ogres
  A necrophage (D:12)
  3 centaurs
  4 big kobolds
  4 bullfrogs
  2 wyvern zombies
  7 scorpions
  A wyvern skeleton (D:9)
  5 killer bees
  7 wights
  A howler monkey (D:5)
  6 crimson imps (D:7)
  2 bullfrog zombies
  6 hounds
  4 jellies
  15 orc wizards
  7 orc priests
  A water moccasin simulacrum (D:12)
  A bullfrog skeleton (D:5)
  Jessica (D:3)
  An iguana (D:6)
  Natasha (thrice) (D:3)
  10 worker ants
  A killer bee zombie (D:7)
  2 worker ant zombies (D:11)
  Robin (D:2)
  A gnoll (D:10)
  11 adders
  A shadow imp (D:5)
  10 white imps
  2 ufetubi
  An adder skeleton (D:6)
  2 adder zombies
  5 worms
  3 dart slugs
  5 leopard geckos
  52 orcs
  3 giant cockroaches
  19 goblins
  9 hobgoblins
  3 jackals (D:4)
  23 kobolds
  5 quokkas
  2 ball pythons
  10 bats
  5 frilled lizards
  A jackal skeleton (D:5)
  A quokka skeleton (D:10)
  7 rats
335 creatures vanquished.

Vanquished Creatures (others)
  33 fungi (D:11)
  27 plants (D:11)
60 creatures vanquished.

Grand Total: 395 creatures vanquished

Notes
Turn   | Place    | Note
-------+----------+-------------------------------------------
     0 | D:1      | vvl the Deep Dwarf Fighter began the quest for the Orb.
     0 | D:1      | Reached XP level 1. HP: 20/20 MP: 1/1
   120 | D:1      | Reached XP level 2. HP: 24/27 MP: 2/2
   825 | D:2      | Reached skill level 3 in Axes
   836 | D:2      | Reached XP level 3. HP: 23/34 MP: 3/3
   867 | D:2      | Noticed Robin
   886 | D:2      | Reached XP level 4. HP: 22/42 MP: 4/4
   889 | D:2      | Killed Robin
  1201 | D:2      | Found a faded altar of an unknown god.
  1870 | D:3      | Noticed Natasha
  1879 | D:3      | Killed Natasha
  1880 | D:3      | Reached skill level 4 in Axes
  1880 | D:3      | Reached XP level 5. HP: 36/49 MP: 5/5
  1915 | D:3      | Found a blossoming altar of Fedhas.
  1938 | D:3      | Noticed Natasha
  1947 | D:3      | Killed Natasha
  1954 | D:3      | Noticed Sigmund
  1970 | D:3      | Killed Sigmund
  1971 | D:3      | Reached XP level 6. HP: 24/57 MP: 6/6
  1979 | D:3      | Noticed Jessica
  1993 | D:2      | Reached skill level 5 in Axes
  2060 | D:3      | Killed Jessica
  2425 | D:3      | Noticed Natasha
  2430 | D:3      | Killed Natasha
  2714 | D:4      | Reached XP level 7. HP: 43/64 MP: 7/7
  2886 | D:4      | Reached skill level 5 in Shields
  3085 | D:4      | Found Ohaeg's Magic Scroll Boutique.
  3231 | D:4      | Found a burning altar of Makhleb.
  3300 | D:5      | Entered Level 5 of the Dungeon
  3343 | D:5      | Reached skill level 5 in Armour
  3367 | D:5      | Reached skill level 6 in Axes
  3667 | D:5      | Found a runed translucent door.
  3670 | D:5      | Noticed Crazy Yiuf
  3824 | D:6      | Reached XP level 8. HP: 73/73 MP: 8/8
  3898 | D:6      | Reached skill level 7 in Axes
  3906 | D:6      | Found a staircase to the Ecumenical Temple.
  3918 | Temple   | Entered the Ecumenical Temple
  3983 | Temple   | Became a worshipper of the Shining One
  4100 | D:6      | Reached skill level 5 in Fighting
  4262 | D:6      | Reached skill level 8 in Axes
  4511 | D:6      | Gained mutation: You passively map the area around you.
                  | [Deep Dwarf growth]
  4511 | D:6      | Reached XP level 9. HP: 44/81 MP: 7/7
  4550 | D:6      | Got a sparkling turquoise ring
  4554 | D:6      | Identified the ring of the Final Decision {*Tele Int+3
                  | Stlth-} (You found it on level 6 of the Dungeon)
  4909 | D:7      | Reached skill level 9 in Axes
  4909 | D:7      | Reached * piety under the Shining One
  4932 | D:7      | Found an ornate altar of the Wu Jian Council.
  4937 | D:7      | Found a radiant altar of Vehumet.
  5006 | D:7      | Found a shimmering blue altar of Sif Muna.
  5181 | D:7      | Reached ** piety under the Shining One
  5660 | D:7      | Found a stormy altar of Qazlal.
  6004 | D:8      | Found Mofarami's Island Escapes.
  6089 | D:8      | Bought a potion of flight for 39 gold pieces
  6089 | D:8      | Bought a scroll of blinking for 97 gold pieces
  6089 | D:8      | Bought a scroll of teleportation for 39 gold pieces
  6314 | D:8      | Found a basalt altar of Yredelemnul.
  6346 | D:8      | Reached skill level 10 in Axes
  6668 | D:9      | Noticed a centaur warrior
  6684 | D:9      | Killed a centaur warrior
  6685 | D:9      | Reached XP level 10. HP: 40/92 MP: 5/8
  6756 | D:9      | Got a brightly glowing rapier
  6757 | D:9      | Identified The Intricacies of Witchery
  6777 | D:9      | Identified the +2 rapier of Courage {venom, Fragile rElec
                  | Str+7 Stlth+} (You found it on level 9 of the Dungeon)
  7216 | D:10     | Entered Level 10 of the Dungeon
  7220 | D:10     | Noticed a two-headed ogre
  7224 | D:10     | Reached *** piety under the Shining One
  7426 | D:10     | Reached skill level 11 in Axes
  7469 | D:10     | Noticed Erolcha
  7471 | D:10     | Noticed an unseen horror
  7493 | D:10     | Killed an unseen horror
  7494 | D:10     | Killed Erolcha
  7620 | D:10     | Killed a two-headed ogre
  7847 | D:11     | Noticed Psyche
  7862 | D:11     | Killed Psyche
  7863 | D:11     | Reached XP level 11. HP: 32/100 MP: 6/6
  7929 | D:11     | Reached skill level 12 in Axes
  7958 | D:11     | Found a staircase to the Lair.
  8002 | D:11     | Found a staircase to the Orcish Mines.
  8233 | D:11     | Noticed Sonja
  8248 | D:11     | Killed Sonja
  8658 | D:12     | Reached **** piety under the Shining One
  9313 | D:12     | Reached skill level 13 in Axes
  9325 | D:12     | Reached skill level 10 in Armour
  9325 | D:12     | Reached skill level 10 in Shields
  9407 | D:12     | HP: 4/104 [acid (12)]
  9431 | D:12     | Slain by a cyclops

Illustrated notes

Levels and vault maps discovered:
D:1:      saegor_arrival_simple_c, layout_basic
D:2:      minmay_kobold_bridge, layout_loops_ring, serial_co_window_serial,
          co_window_of_opportunity_a, co_window_paths_b, co_window_corner_a,
          co_window_cross_1, co_window_corner_a, co_window_corner_b,
          co_window_broadway_b, co_window_unsneaky_path_a,
          co_window_of_opportunity_b, glass_columns_a, glass_columns_a,
          glass_columns_b, glass_columns_c, chequers_ecumenical_altar_twisty,
          uniq_robin
D:3:      layout_loops_cross, fedhas_altar_1, uniq_natasha, uniq_sigmund,
          uniq_jessica
D:4:      layout_basic, lightli_temple_of_fire, serial_shops, shop_fountains,
          minmay_goblin_outpost
D:5:      layout_cave_pools, uniq_crazy_yiuf_cottage
D:6:      layout_basic, minmay_temple_entry_mist
D:7:      layout_layer_cave, vehumet_crystals, kennysheep_mini,
          general_overflow_altar, basic_altar, minmay_nine_imps
D:8:      layout_cave_pools, basic_altar, chequers_serial_rivers_large_a,
          nicolae_island_escapes
D:9:      layout_basic, minmay_crystal_water, minmay_radiant
D:10:     layout_cave_pools, minmay_starry_boxes, uniq_erolcha
D:11:     layout_roguey, due_lair_maze_entry_diamond,
          wad_floor_pattern_untrapped, uniq_psyche, uniq_sonja
D:12:     gargoyle_guard, layout_irregular_city, serial_ice, serial_ice_c,
          serial_ice_i, serial_ice_f, serial_ice_h,
          portal_ice_cave_demonic_guard, chequers_avenue
Temple:   regret_index_temple_mists

Skill      XL: |  1  2  3  4  5  6  7  8  9 10 11 |
---------------+----------------------------------+-----
Axes           | 3 4 5 6 8 10 11 13 | 13.1
Fighting       | 3 4 5 6 7 8 |  8.4
Shields        | 4 5 6 8 9 10 | 10.0
Armour         | 4 5 6 8 9 10 | 10.0

Action                   |  1- 3 |  4- 6 |  7- 9 | 10-12 || total
-------------------------+-------+-------+-------+-------++-------
Melee: War axe           |    27 |       |    14 |       ||    41
       Hand axe          |    58 |    92 |   371 |    35 ||   556
       Scythe            |       |    95 |    85 |       ||   180
       Rapier            |       |       |       |   481 ||   481
Invok: Divine Shield     |       |       |       |     2 ||     2
 Abil: Heal Wounds       |       |     1 |    12 |    14 ||    27
  Use: Scroll            |       |     6 |    12 |     3 ||    21
       Potion            |       |       |     2 |     4 ||     6
Armor: Scale mail        |    33 |    48 |       |       ||    81
       Chain mail        |       |    79 |    95 |       ||   174
       Plate armour      |       |       |   212 |   308 ||   520
Dodge: Dodged            |    21 |    80 |   137 |   116 ||   354
Block: Kite shield       |    41 |    34 |    86 |   426 ||   587
